 Dungeon Crawl Stone Soup version bcrawl-1.27.6 (webtiles) character file.

Game seed: 3480289854564994555

194005 DogServant the Caller (level 6, -8/35 HPs)
             Began as a Skeleton Summoner on Oct 6, 2020.
             Mangled by a troll (11 damage)
             ... on level 4 of the Dungeon.
             The game lasted 00:07:36 (2978 turns).

DogServant the Caller (Skeleton Summoner)           Turns: 2978, Time: 00:07:36

Health: -8/35      AC:  2    Str: 17 (18) XL:     6   Next: 42%
Magic:  0/12       EV: 12    Int: 18      God:
Gold:   249        SH:  0    Dex: 10 (11) Spells: 2/13 levels left

rFire    + . .     SeeInvis .   b - +1 spear (vamp)
rCold    + + .     Gourm    .   (no shield)
rNeg     + + +     Faith    .   a - +0 robe
rPois    ∞         Spirit   +   h - +2 hat
rElec    .         Reflect  .   d - scarf {rC+ rF+}
rCorr    .         Harm     .   (no gloves)
MR       .....                  (no boots)
Stlth    ++........             (no amulet)
HPRegen  0.11/turn              o - ring of Duichusch {*Corrode +Fly Str+4 Int+4}
MPRegen  0.13/turn              i - -2 ring of protection (curse)

@: no status effects
A: no food or potions, cold resistance 1, deterioration 1, negative energy
resistance 3, powered by death 1, torment resistance, unbreathing, magic shield,
sturdy frame 1, spell healing
a: Evoke Flight


You were on level 4 of the Dungeon.
You were not hungry.

You visited 1 branch of the dungeon, and saw 4 of its levels.

You collected 249 gold pieces.

Inventory:

Hand Weapons
 b - a +1 vampiric spear (weapon)
 m - a +0 hunting sling
 s - a +2 spear of flaming
 t - a +4 blowgun
Missiles
 l - 111 poisoned needles
 n - 423 stones (quivered)
Armour
 a - a +0 robe (worn)
 d - a scarf of resistance (worn)
 h - a +2 hat (worn)
Jewellery
 g - an uncursed ring of protection from fire
 i - a cursed -2 ring of protection (right hand)
 o - the ring of Duichusch (left hand) {*Corrode +Fly Str+4 Int+4}
   (You found it on level 3 of the Dungeon)

   [ring of flight]

   It affects your strength (+4).
   It affects your intelligence (+4).
   It lets you fly.
   It may corrode you when you take damage.
Scrolls
 c - a scroll of summoning
 e - a scroll of immolation {unknown}
 f - 3 scrolls of remove curse {unknown}
 j - a scroll of amnesia {unknown}
 k - a scroll of identify
 p - a scroll of magic mapping {unknown}
 q - a scroll of blinking {unknown}
 r - a scroll of fog {unknown}
 u - a scroll of teleportation {unknown}


   Skills:
 - Level 2.1 Fighting
 + Level 4.0 Polearms
 - Level 2.0 Dodging
 - Level 2.4 Stealth
 - Level 4.3 Spellcasting
 + Level 6.5 Summonings


You had 2 spell levels left.
You knew the following spells:

 Your Spells              Type           Power        Failure   Level  Hunger
a - Summon Small Mammal   Summ           ####         1%          1    N/A
b - Call Imp              Summ           ####..       1%          2    N/A
c - Call Canine Familiar  Summ           ####....     3%          3    N/A
d - Summon Lightning Spi  Summ/Air       ###.....     71%         5    N/A

Your spell library contained the following spells:

 Spells                   Type           Power        Failure   Level  Hunger
 Summon Ice Beast         Ice/Summ       ###.....     36%         4    N/A

Dungeon Overview and Level Annotations

Branches:
Dungeon (4/12)
 Temple: D:4-7

Altars:
Qazlal

Annotations:
D:2 Sigmund
D:3 2 runed translucent doors, magaron's ghost, amateur MiGl


Innate Abilities, Weirdness & Mutations

You do not eat or drink.
You are immune to poison.
Your flesh is cold resistant. (rC+)
Your body sometimes deteriorates upon taking damage.
You are immune to negative energy. (rN+++)
You regenerate a little health from kills.
You are immune to unholy pain and torment.
You can survive without breathing.
When hurt, damage is shared between your health and your magic reserves.
Your movements are slightly less encumbered by armour. (ER -2)
Casting spells heals you.


Message History

Your hound bites the troll. x2
Your hound bites the troll but does no damage.
Something bites your crimson imp.
Your crimson imp blinks!
Your hound closely misses the troll.
A quokka comes into view.
An orc comes into view.
A leopard gecko comes into view.
Your crimson imp blinks!
An orc priest comes into view. It is wielding a -1 mace.
Your crimson imp closely misses the troll.
You swap places.
Your hound closely misses the troll.
The troll bites you.
* * * LOW HITPOINT WARNING * * *
The troll closely misses you. x2
Your crimson imp closely misses the troll.
You closely miss the troll.
The troll is lightly wounded.
Your hound bites the troll.
Your crimson imp closely misses the troll.
The troll bites you!
You die...

+....#%...#......
#....#....#......
#....#....lo.....
#....+.h.o##...##
##.####...# ..#
######r..##..
#..5....!...
#5Th........
#@..........
#...........
##....###...
###### ... ..


You could see a troll, an orc priest, an orc, a leopard gecko, a quokka, a
friendly hound and 2 friendly crimson imps.

Vanquished Creatures
  An ogre (D:3)
  A crimson imp (D:3)
  An orc priest (D:3)
  A hound (D:4)
  4 adders (D:3)
  2 oozes (D:3)
  2 worms
  A dart slug (D:3)
  4 leopard geckos (D:1)
  4 orcs (D:3)
  6 bats
  A giant cockroach (D:1)
  9 goblins
  5 hobgoblins
  6 jackals
  7 kobolds
  A ball python (D:3)
  4 frilled lizards
  5 rats
65 creatures vanquished.

Vanquished Creatures (collateral kills)
  An ogre (D:4)
  A hound (D:3)
  A gnoll (D:3)
  2 adders
  A leopard gecko (D:1)
  5 orcs (D:3)
  2 hobgoblins (D:3)
  4 jackals
  A frilled lizard (D:1)
18 creatures vanquished.

Grand Total: 83 creatures vanquished

Notes
Turn   | Place    | Note
-------+----------+-------------------------------------------
     0 | D:1      | DogServant the Skeleton Summoner began the quest for the
                  | Orb.
     0 | D:1      | Reached XP level 1. HP: 10/10 MP: 4/4
   330 | D:1      | Reached XP level 2. HP: 15/15 MP: 6/6
   335 | D:1      | Reached skill level 5 in Summonings
   663 | D:1      | Reached skill level 1 in Polearms
   708 | D:1      | Reached XP level 3. HP: 19/19 MP: 7/7
  1372 | D:2      | Learned a level 2 spell: Call Imp
  1376 | D:2      | Learned a level 3 spell: Call Canine Familiar
  1384 | D:2      | Found a stormy altar of Qazlal.
  1739 | D:2      | Noticed Sigmund
  1771 | D:3      | Got a brightly glowing jade ring
  1780 | D:3      | Identified the ring of Duichusch {*Corrode +Fly Str+4
                  | Int+4} (You found it on level 3 of the Dungeon)
  2070 | D:3      | Reached XP level 4. HP: 11/24 MP: 2/8
  2153 | D:3      | Reached skill level 1 in Fighting
  2289 | D:3      | Reached XP level 5. HP: 29/29 MP: 2/10
  2459 | D:3      | Noticed an ogre
  2472 | D:3      | Killed an ogre
  2472 | D:3      | Reached skill level 6 in Summonings
  2563 | D:3      | Learned a level 5 spell: Summon Lightning Spire
  2572 | D:3      | Found a large runed translucent door.
  2572 | D:3      | Found a large runed translucent door.
  2577 | D:3      | Gained mutation: You regenerate a little health from kills.
                  | [Skeleton growth]
  2577 | D:3      | Reached XP level 6. HP: 33/35 MP: 10/12
  2592 | D:3      | Noticed magaron's ghost (amateur MiGl)
  2959 | D:4      | Noticed a troll
  2978 | D:4      | Mangled by a troll

Skill      XL: |  1  2  3  4  5  6 |
---------------+-------------------+-----
Summonings     | 5 6 |  6.5
Polearms       | 1 2 3 4 |  4.0
Fighting       | 1 2 |  2.1
Spellcasting   | 4 |  4.3
Dodging        | |  2.0
Stealth        | |  2.4

Action                   |  1- 3 |  4- 6 || total
-------------------------+-------+-------++-------
Melee: Unarmed           |    30 |       ||    30
       Spear             |   155 |   124 ||   279
 Cast: Summon Small Mamm |    12 |     2 ||    14
       Call Canine Famil |     3 |     5 ||     8
       Call Imp          |     1 |     5 ||     6
 Stab: Sleeping          |     4 |     2 ||     6
       Distracted        |     1 |       ||     1
Armor: Robe              |    33 |     9 ||    42
Dodge: Dodged            |   127 |    49 ||   176
